AoeStats
← ElNonan

Oasis

510019924Analyzed
2v2 RM · 2d ago on Sep 29, 2026· 53m 23s· 4 players
Game mode
Random Map
Map size
Medium (4 player)
Population
200
Speed
Normal
Resources
Standard
Victory
Conquest
Starting age
Dark Age
Ending age
Imperial Age
RankedLock teamsTeams togetherTeam positionsShared explorationLock speedFull tech treeHidden civsTurbo modeCheats
Victory
Defeat
🇺🇸 Koreans · United States
1153
+13
🇺🇸 Sicilians · United States
1123
+14
🇲🇽 Vietnamese · Mexico
1102
-14
🇵🇪 Malians · Peru
1081
-13
mbuenrostro56
8:03 Loom
10:08 Feudal Age
16:15 Fletching
28:54 Horse Collar
29:31 Double-Bit Axe
32:15 Padded Archer Armor
42:23 Castle Age
42:32 Crossbowman
43:51 Bodkin Arrow
47:49 Wheelbarrow
49:55 Leather Archer Armor
52:29 Ballistics
ElNonan
8:14 Loom
10:53 Feudal Age
11:31 Man-at-Arms
13:58 Double-Bit Axe
16:18 Horse Collar
19:27 Castle Age
17:50 Fletching
19:42 Gold Mining
20:20 Padded Archer Armor
20:25 Elite Skirmisher
25:27 Bow Saw
27:19 Forging
29:52 Scale Mail Armor
32:10 Wheelbarrow
31:40 Heavy Plow
33:10 Chain Mail Armor
35:47 Ballistics
35:01 Long Swordsman
36:20 Iron Casting
39:45 Leather Archer Armor
43:56 Imperial Age
44:14 Gold Shaft Mining
44:09 Hand Cart
46:03 Bodkin Arrow
47:52 Imperial Skirmisher
48:43 Two-Handed Swordsman
49:48 Squires
50:22 Plate Mail Armor
50:23 Ring Archer Armor
50:41 Conscription
50:42 Onager
BeefyCronchMorphrito
7:08 Loom
8:01 Loom
10:08 Feudal Age
10:50 Double-Bit Axe
12:03 Horse Collar
16:17 Fletching
20:52 Castle Age
21:29 Bodkin Arrow
21:21 Crossbowman
22:49 Bow Saw
25:02 Wheelbarrow
26:07 Elite Skirmisher
27:55 Thumb Ring
28:00 Elite Skirmisher
36:18 Town Watch
37:14 Ballistics
41:43 Imperial Age
40:54 Gold Mining
41:54 Hand Cart
43:45 Bracer
44:48 Chemistry
44:08 Heavy Plow
45:09 Siege Engineers
45:19 Elite War Wagon
46:03 Stone Mining
47:12 Elite War Wagon
48:12 Scale Barding Armor
48:18 Forging
49:45 Light Cavalry
50:26 Husbandry
51:14 Chain Barding Armor
50:36 Hussar
52:55 Iron Casting
MasterChampi
7:26 Loom
10:06 Feudal Age
14:10 Horse Collar
22:06 Scale Mail Armor
22:17 Forging
29:15 Castle Age
27:57 Gold Mining
37:34 Squires
38:50 Chain Mail Armor
48:00 Elite Skirmisher
50:47 Double-Bit Axe
52:35 Bow Saw
52:42 Heavy Plow
Connection lost

Rejoining the realm…

Still unreachable

The connection could not be restored.

Session expired

The server has moved on; the page needs a fresh start.